 Dungeon Crawl Stone Soup version 0.30-a0-778-g2ef04afb54 (webtiles) character file.

Game seed: 321077558214636973

230 hikkokomori the Conjurer (level 5, -14/39 HPs)
             Began as a Draconian Conjurer on Feb 16, 2023.
             Killed by divine providence
             ... invoked by an orc priest
              (15 damage)
             ... on level 3 of the Dungeon.
             The game lasted 00:04:54 (3478 turns).

hikkokomori the Conjurer (Draconian Conjurer)       Turns: 3478, Time: 00:04:55

Health: -14/39     AC:  6    Str: 10    XL:     5   Next: 72%
Magic:  0/10       EV: 12    Int: 20    God:
Gold:   118        SH:  0    Dex:  9    Spells: 3/10 levels left

rFire   . . .      SeeInvis .    (no weapon)
rCold   . . .      Faith    .    (no shield)
rNeg    . . .      Spirit   .    (body armour unavailable)
rPois   .          Reflect  .    (helmet restricted)
rElec   .          Harm     .    (no cloak)
rCorr   .          Rampage  .    (no gloves)
Will    .....                    g - +0 pair of boots
Stlth   ++                       (no amulet)
HPRegen 0.26/turn                (no ring)
MPRegen 0.12/turn                (no ring)

@: brilliant
A: AC +5, unfitting armour, cold-blooded
a: no special abilities


You were on level 3 of the Dungeon.
You visited 1 branch of the dungeon, and saw 3 of its levels.

You collected 118 gold pieces.

Inventory:

Missiles
 j - 2 javelins
Armour
 g - a +0 pair of boots (worn)
Jewellery
 i - an amulet of guardian spirit
Scrolls
 b - a scroll of immolation {unknown}
 d - a scroll of blinking {unknown}
 e - a scroll of fog {unknown}
 f - a scroll of noise {unknown}
 h - 5 scrolls of identify {unknown}
 m - a scroll of teleportation {unknown}
Potions
 a - a potion of magic
 c - a potion of brilliance
 k - a potion of resistance {unknown}
 l - a potion of might {unknown}
 n - a potion of lignification {unknown}


   Skills:
 + Level 0.5 Fighting
 - Level 1.7 Dodging
 + Level 3.6 Stealth
 - Level 3.3 Spellcasting
 + Level 5.2 Conjurations
 + Level 0.4 Hexes


You had 3 spell levels left.
You knew the following spells:

 Your Spells              Type           Power      Damage    Failure   Level
a - Magic Dart            Conj           100%       1d8       1%          1
b - Searing Ray           Conj           72%        2d7       2%          2
c - Fulminant Prism       Conj/Hex       10%        3d8       41%         4

Your spell library contained the following spells:

 Spells                   Type           Power      Damage    Failure   Level
 Dazzling Flash           Conj/Hex       42%        N/A       13%         3
 Iskenderun's Mystic Bla  Conj/Tloc      20%        2d6       43%         4


Dungeon Overview and Level Annotations

Branches:
Dungeon (3/15)

Altars:
Fedhas
The Shining One


Innate Abilities, Weirdness & Mutations

Your plain brown scales are hard. (AC +5)
You cannot fit into any form of body armour.
You are cold-blooded and may be slowed by cold attacks.


Message History

The orc priest mumbles some strange prayers to Beogh against you.
Beogh smites you!
You hit the orc priest but do no damage.
You tail-slap the orc priest.
The orc priest is heavily wounded.
The orc priest calls down the wrath of Beogh upon you.
Pain shoots through your body!
You closely miss the orc priest.
The orc priest is heavily wounded.
The orc priest barely misses you.
You closely miss the orc priest.
The orc priest is heavily wounded.
The orc priest barely misses you.
Casting: Magic Dart (safe; 1% risk of failure)
Confirm with . or Enter, or press ? or * to list all spells.
Aiming: Magic Dart (safe; 1% risk of failure)
Press: ? - help, Shift-Dir - straight line, f/p - orc priest
Aim: an orc priest, wielding a +0 short sword and wearing a +0 leather armour (heavily wounded, 100% to hit)
The magic dart hits the orc priest.
The orc priest is severely wounded.
The orc priest hits you with a +0 short sword.
You closely miss the orc priest.
The orc priest is severely wounded.
The orc priest hits you with a +0 short sword.
You closely miss the orc priest.
The orc priest is severely wounded.
The orc priest hits you but does no damage.
You closely miss the orc priest.
The orc priest is severely wounded.
The orc priest calls down the wrath of Beogh upon you.
Beogh smites you!
* * * LOW HITPOINT WARNING * * *
It was a potion of brilliance.
You feel clever all of a sudden.
The orc priest hits you but does no damage.
You barely miss the orc priest.
The orc priest is severely wounded.
The orc priest invokes the aid of Beogh against you.
Beogh smites you!
You die...

.. # .. .##
#.####..####
#.#........#
..........#
###...>.....#
#............
#.##........# .#
#o.##@##..# ...
##.##o##..# #.
####..#..#..##.
#.
#.###..#.......
#.
#.##............
.####.
#.....).........
......
##.....)........
......
#.......)......
#...
#..............
# ..#.


You could see an orc priest.

Vanquished Creatures
  A necrophage (D:3)
  2 orc wizards (D:3)
  6 adders
  2 orcs (D:3)
  3 endoplasms
  4 giant cockroaches (D:2)
  7 goblins
  5 hobgoblins
  5 jackals (D:2)
  8 kobolds
  2 quokkas
  4 ball pythons (D:2)
  5 bats
  2 frilled lizards (D:1)
  7 rats
63 creatures vanquished.

Notes
Turn   | Place    | Note
-------+----------+-------------------------------------------
     0 | D:1      | hikkokomori the Draconian Conjurer began the quest for the
                  | Orb.
     0 | D:1      | Reached XP level 1. HP: 14/14 MP: 3/3
   496 | D:1      | Reached XP level 2. HP: 20/20 MP: 0/5
  1672 | D:2      | Reached XP level 3. HP: 26/26 MP: 4/6
  2638 | D:2      | Reached XP level 4. HP: 32/33 MP: 3/8
  2736 | D:3      | Noticed a necrophage
  2763 | D:3      | Killed a necrophage
  2919 | D:3      | Reached XP level 5. HP: 38/38 MP: 1/9
  3014 | D:3      | Reached skill level 5 in Conjurations
  3067 | D:3      | Found a blossoming altar of Fedhas.
  3114 | D:3      | Found a glowing golden altar of the Shining One.
  3389 | D:3      | Learned a level 2 spell: Searing Ray
  3394 | D:3      | Learned a level 4 spell: Fulminant Prism
  3476 | D:3      | HP: 1/39 [orc priest/divine providence (13)]
  3478 | D:3      | Killed from afar by an orc priest

Illustrated notes

Levels and vault maps discovered:
D:1:      dpeg_arrival_three_same_balls, layout_basic, solitary_fountain,
          dk_noncrumbling_3
D:2:      layout_basic
D:3:      layout_rooms, tso_metal_star, fedhas_altar_1

Skill      XL: |  1  2  3  4  5 |
---------------+----------------+-----
Stealth        | 2 3 |  3.6
Spellcasting   | 3 |  3.3
Conjurations   | 5 |  5.2
Fighting       | |  0.5
Dodging        | |  1.7
Hexes          | |  0.4

Action                     |  1- 3 |  4- 6 || total
---------------------------+-------+-------++-------
  Melee: Unarmed           |    42 |    26 ||    68
         Tailslap          |     2 |     3 ||     5
  Throw: Javelin           |       |     1 ||     1
   Cast: Magic Dart        |    78 |    60 ||   138
    Use: Potion            |       |     1 ||     1
 Armour: Skin              |    24 |    16 ||    40
  Dodge: Dodged            |    49 |    18 ||    67

Table legend: (Time is in decaauts)
 A = Elapsed time spent in this place.
 B = Non-inter-level travel time spent in this place.
 C = Inter-level travel time spent in this place.
 D = Time resting spent in this place.
 E = Time spent auto-exploring this place.
 F = Levels seen in this place.
 G = Mean time per level.
                   A        B        C        D        E       F      G
               +--------+--------+--------+--------+--------+-----+--------+
         Total |   3479 |   3401 |     78 |     69 |   2954 |   3 | 1159.7 |
       Dungeon |   3479 |   3401 |     78 |     69 |   2954 |   3 | 1159.7 |
               +--------+--------+--------+--------+--------+-----+--------+

Top non-repeatable levels by time:
     D:1: 1396 daAuts
     D:2: 1334 daAuts
     D:3: 748 daAuts
